Map: Rosebud LE

Players

SMallea - Winner!

  • Race: Protoss Protoss
  • League: Platinum
  • Spawn Location: 5:00

Juampi - Winner!

  • Race: Protoss Protoss
  • League: Diamond
  • Spawn Location: 5:00

YATO - Winner!

  • Race: Terran Terran
  • League: Platinum
  • Spawn Location: 5:00

Faust

  • Race: Terran Terran
  • League: Diamond
  • Spawn Location: 11:00

Cthulhu

  • Race: Zerg Zerg
  • Spawn Location: 11:00

Throwfordays

  • Race: Terran Terran
  • League: Silver
  • Spawn Location: 11:00

VOD

Have the link to the VOD?

Description

Time

  • Played on: March 24, 2019, 11:53 p.m.
  • Length: 15:41
Show
View Real Time Build Order
Export as new Build Order

SMallea Protoss - Winner!

Build Orders:  

Get SALT Encoding   

  12  0:02  Probe  
  13  0:14  Probe  
  13  0:19  Pylon  
  14  0:26  Probe  
  15  0:39  Probe  
  16  0:44  Gateway  
  16  0:49  Probe  
  16  0:55  Assimilator  
  17  0:57  Probe  
  18  1:17  Probe  
  19  1:19  Assimilator  
  19  1:29  Probe  
  20  1:41  Probe  
  21  1:49  Cybernetics Core  
  21  1:53  Probe  
  22  1:54  Gateway  
  22  2:05  Probe  
  23  2:15  Warp Gate  
  22  2:18  Probe  
  22  2:19  Pylon  
  23  2:32  Stalker  
  23  2:37  Probe  
  23  2:41  Stalker  
  28  3:01  Shield Battery  
  28  3:02  Shield Battery  
  28  3:06  Stalker  
  28  3:11  Pylon  
  30  3:31  Twilight Council  
  30  3:36  Gateway  
  30  3:38  Robotics Facility  
  30  3:45  Gateway  
  30  3:55  Stalker  
  32  3:57  Charge  
  32  4:11  Dark Shrine  
  32  4:22  Pylon  
  32  4:39  Observer  
  32  4:42  Zealot  
  32  4:43  Zealot x3  
  41  4:56  Warp Prism  
  43  5:08  Pylon  
  29  6:21  Dark Templar x4  
  17  7:33  Dark Templar  
  17  7:34  Dark Templar x2  
  21  8:27  Probe  
  12  9:48  Probe  
  11  9:56  Probe  
  11  10:06  Probe  
  13  10:23  Probe  
  14  10:31  Probe  
  15  10:49  Probe  
  16  11:01  Probe  
  17  11:10  Probe  
  17  11:18  Probe  
  19  11:27  Probe  
  20  11:49  Probe  
  21  11:54  Dark Templar x2  
  21  11:56  Dark Templar  
  27  12:42  Dark Templar, Probe  
  27  12:43  Dark Templar x3  
  35  12:50  Probe  
  35  13:41  Gateway  
  35  13:42  Gateway  
  35  13:45  Gateway  
  35  13:54  Gateway  
  35  14:33  Nexus  
  35  14:59  Zealot x2  
  39  15:00  Zealot x2  
Show
View Real Time Build Order
Export as new Build Order

Juampi Protoss - Winner!

Build Orders:  

Get SALT Encoding   

  12  0:02  Probe  
  13  0:14  Probe  
  13  0:18  Pylon  
  14  0:26  Probe  
  15  0:31  Assimilator  
  15  0:35  Probe  
  15  0:37  Assimilator  
  16  0:43  Probe  
  17  0:53  Probe  
  18  1:05  Probe  
  18  1:07  Gateway  
  19  1:17  Probe  
  20  1:29  Probe  
  21  1:41  Probe  
  22  1:53  Probe  
  23  1:54  Cybernetics Core  
  23  2:00  Pylon  
  23  2:18  Probe  
  24  2:30  Probe  
  24  2:32  Stargate  
  24  2:35  Adept  
  24  2:36  Warp Gate  
  27  2:42  Probe  
  28  2:54  Probe  
  29  3:00  Pylon  
  29  3:05  Adept  
  31  3:16  Fleet Beacon  
  31  3:26  Gateway  
  31  3:30  Mothership  
  31  3:33  Gateway  
  31  3:44  Pylon  
  31  3:45  Pylon  
  39  4:03  Void Ray  
  43  4:25  Adept x2  
  43  4:27  Adept  
  49  4:46  Void Ray  
  49  4:52  Adept  
  55  5:03  Pylon  
  55  5:05  Pylon  
  55  5:22  Adept x3  
  61  5:36  Nexus  
  61  5:48  Forge  
  61  5:55  Void Ray  
  65  6:01  Pylon  
  65  6:04  Pylon  
  54  7:02  Photon Cannon  
  54  7:03  Probe x2  
  54  7:06  Photon Cannon  
  56  7:15  Probe  
  56  7:16  Probe  
  56  7:19  Photon Cannon  
  41  7:27  Probe  
  41  7:28  Probe  
  38  8:18  Probe  
  38  8:19  Probe  
  40  8:26  Photon Cannon  
  40  8:29  Photon Cannon  
  40  8:30  Stargate  
  40  8:31  Stargate, Probe x2  
  40  8:33  Photon Cannon  
  38  8:41  Probe  
  38  8:43  Probe  
  38  8:49  Probe  
  38  8:55  Probe  
  40  8:57  Probe  
  37  9:04  Assimilator  
  37  9:07  Probe  
  37  9:09  Assimilator, Probe  
  45  9:27  Phoenix  
  45  9:28  Phoenix x2  
  45  9:52  Phoenix  
  45  9:53  Phoenix  
  49  10:03  Nexus  
  49  10:16  Phoenix  
  51  10:27  Phoenix  
  53  10:35  Probe  
  54  10:57  Anion Pulse-Crystals  
  54  11:00  Probe  
  55  11:12  Probe  
  56  11:24  Probe  
  57  11:28  Phoenix x2  
  61  11:36  Probe  
  62  11:48  Probe  
  56  12:06  Protoss Air Weapons Level 1  
  55  12:13  Phoenix x3  
  61  12:34  Phoenix x2  
  61  12:41  Phoenix  
  65  12:53  Phoenix x2  
  65  12:54  Probe x2  
  67  13:04  Phoenix  
  71  13:06  Probe  
  74  13:18  Phoenix  
  76  13:24  Nexus  
  76  13:31  Assimilator  
  76  13:35  Assimilator  
  76  13:37  Pylon  
  76  13:41  Pylon  
  76  13:43  Phoenix x3  
  82  14:09  Cybernetics Core  
  80  15:11  Phoenix  
  80  15:12  Phoenix x2  
Show
View Real Time Build Order
Export as new Build Order

YATO Terran - Winner!

Build Orders:  

Get SALT Encoding   

  12  0:00  SCV  
  13  0:13  SCV  
  14  0:19  Supply Depot  
  14  0:25  SCV  
  15  0:36  Refinery  
  15  0:40  SCV  
  16  0:46  Barracks  
  16  0:53  SCV  
  17  1:00  Refinery  
  17  1:05  SCV  
  18  1:17  SCV  
  19  1:29  SCV  
  20  1:42  Orbital Command  
  20  1:43  Reaper  
  21  1:48  Factory  
  21  1:59  Supply Depot  
  21  2:07  SCV  
  22  2:19  SCV  
  23  2:32  SCV  
  23  2:34  Factory Tech Lab  
  23  2:35  Marine, Starport  
  25  2:54  SCV  
  25  2:57  Siege Tank  
  29  2:59  Bunker  
  29  3:06  SCV, Supply Depot  
  29  3:10  Marine  
  31  3:15  Starport Tech Lab  
  31  3:17  Fusion Core  
  32  3:34  SCV  
  32  3:36  Viking  
  34  3:51  Starport  
  34  3:56  SCV  
  34  3:57  Supply Depot  
  35  4:32  Battlecruiser  
  35  4:35  SCV  
  42  4:39  Command Center  
  42  4:51  Starport Tech Lab  
  42  5:00  Marine  
  42  5:16  Engineering Bay  
  42  5:34  Battlecruiser  
  48  5:48  Missile Turret  
  48  5:52  Missile Turret x2  
  48  5:54  Orbital Command  
  46  6:25  Missile Turret  
  46  6:27  Missile Turret  
  46  6:30  Missile Turret  
  46  6:35  Hi-Sec Auto Tracking  
  46  6:37  Missile Turret x2  
  46  6:39  Missile Turret  
  42  7:15  Orbital Command  
  42  7:36  Neosteel Armor  
  42  7:39  Battlecruiser  
  42  7:43  Supply Depot  
  47  8:06  SCV x2  
  49  8:14  Missile Turret x2  
  49  8:15  Missile Turret  
  49  8:34  Battlecruiser  
  55  8:38  Factory  
  55  8:42  SCV x2  
  55  8:46  Refinery  
  55  8:48  Refinery  
  57  8:53  Weapon Refit  
  57  8:54  Command Center  
  57  9:00  SCV x2  
  59  9:28  Factory Tech Lab  
  59  9:34  Cyclone  
  62  9:46  Mag-Field Accelerator  
  62  9:47  Cyclone  
  65  10:10  SCV x2  
  65  10:12  Orbital Command  
  67  10:25  Engineering Bay  
  67  10:31  Factory  
  67  10:32  Cyclone  
  67  10:33  Cyclone  
  73  10:59  Orbital Command  
  73  11:00  SCV x2, Armory  
  75  11:07  Missile Turret  
  75  11:13  SCV  
  75  11:14  SCV  
  77  11:54  SCV x2  
  77  11:56  Cyclone x2  
  77  11:57  SCV  
  86  12:05  Factory Tech Lab  
  86  12:06  SCV  
  86  12:08  Battlecruiser  
  93  12:11  Terran Vehicle And Ship Armor Level 1  
  93  12:15  Supply Depot x3  
  93  12:16  Supply Depot  
  93  12:17  Supply Depot  
  93  12:23  Missile Turret  
  93  12:27  Missile Turret  
  93  12:28  Refinery  
  93  12:36  SCV x2, Battlecruiser, Cyclone x2  
  107  12:37  Cyclone  
  110  12:52  SCV  
  110  12:53  SCV  
  112  13:17  Factory  
  112  13:18  Armory  
  112  13:24  Refinery  
  112  13:41  Cyclone  
  112  13:42  Cyclone  
  118  13:52  SCV  
  119  14:02  Missile Turret  
  119  14:09  Factory Tech Lab  
  119  14:12  SCV x2  
  119  14:13  SCV  
  122  14:18  Command Center  
Show
View Real Time Build Order
Export as new Build Order

Faust Terran 

Build Orders:  

Get SALT Encoding   

  12  0:03  SCV  
  13  0:14  Supply Depot  
  13  0:30  SCV  
  14  0:36  Barracks  
  14  0:43  SCV  
  14  0:46  Refinery  
  15  0:55  SCV  
  16  1:07  SCV  
  17  1:22  SCV  
  18  1:28  Refinery  
  18  1:34  Marine  
  19  1:42  Command Center  
  19  1:48  SCV  
  20  1:54  Marine  
  20  2:00  SCV  
  22  2:15  Marine  
  23  2:20  Factory  
  23  2:28  Supply Depot  
  23  2:49  SCV  
  24  2:54  Supply Depot  
  24  3:01  SCV  
  24  3:04  Barracks Tech Lab  
  25  3:07  Ghost Academy  
  25  3:08  Factory Reactor  
  25  3:12  SCV  
  26  3:13  SCV  
  27  3:24  SCV  
  27  3:25  SCV  
  29  3:32  Marine  
  30  3:36  SCV  
  30  3:38  SCV  
  30  3:39  Personal Cloaking  
  32  3:47  Barracks  
  32  3:48  SCV  
  33  3:57  Orbital Command  
  33  4:00  SCV  
  34  4:15  SCV  
  35  4:22  Ghost  
  37  4:27  SCV  
  37  4:30  Widow Mine x2  
  42  4:32  SCV  
  42  4:37  Refinery  
  43  4:39  SCV  
  43  4:41  Refinery  
  44  4:46  Supply Depot  
  44  4:47  Barracks Reactor  
  44  4:48  Stimpack  
  44  4:55  Ghost  
  44  4:58  Hellion x2  
  50  5:00  SCV  
  51  5:07  SCV  
  51  5:12  SCV  
  53  5:19  Hellion x2  
  57  5:21  Nuke  
  57  5:25  Marine  
  57  5:26  Marine  
  59  5:30  Barracks  
  57  5:44  Ghost  
  57  5:45  Marine  
  57  5:46  Marine  
  61  5:52  Starport  
  61  5:53  Orbital Command  
  59  6:16  Ghost  
  59  6:18  Marine  
  62  6:25  Barracks Tech Lab  
  62  6:29  Marine  
  34  6:56  Ghost  
  1  8:36  Marine x2, Ghost  
  5  9:05  Ghost  
  7  9:54  Ghost  
  7  9:55  Marine x2  
  9  10:57  Ghost  
  9  10:58  Marine x3  
    12:12  Marine x4  
  4  12:30  Marine x4  
  8  12:47  Marine  
  8  12:48  Marine x3  
  12  13:05  Marine  
Show
View Real Time Build Order
Export as new Build Order

Cthulhu Zerg 

Build Orders: Hatch First 

Get SALT Encoding   

  12  0:01  Drone  
  13  0:09  Drone  
  14  0:18  Extractor  
  14  0:19  Drone  
  15  0:42  Hatchery  
  14  0:48  Overlord  
  14  1:06  Drone  
  14  1:07  Drone x2  
  14  1:09  Extractor  
  16  1:17  Extractor  
  15  1:18  Drone  
  16  1:28  Spawning Pool  
  15  1:34  Drone  
  16  1:45  Drone  
  17  1:54  Drone  
  18  1:58  Drone  
  19  2:04  Drone  
  19  2:06  Drone  
  21  2:13  Drone  
  21  2:15  Lair  
  22  2:22  Extractor, Drone  
  22  2:25  Drone  
  23  2:30  Drone  
  23  2:34  Drone  
  25  2:41  Queen  
  27  2:47  Overlord  
  28  2:51  Drone  
  28  3:06  Drone x3  
  28  3:07  Drone  
  28  3:12  Queen  
  34  3:18  Drone  
  35  3:31  Spire  
  35  3:34  Drone  
  35  3:37  Drone  
  35  3:39  Overlord  
  36  3:46  Extractor  
  35  3:50  Drone  
  36  4:07  Overseer  
  36  4:13  Drone x4  
  36  4:14  Drone x2  
  42  4:19  Overlord x2  
  42  4:46  Mutalisk  
  42  4:47  Mutalisk x5  
  53  4:56  Mutalisk x3  
  53  4:59  Overlord  
  59  5:31  Drone, Overlord  
  59  5:32  Drone x4  
  64  5:59  Corruptor  
  64  6:00  Corruptor x5  
  76  6:33  Overlord x2  
  74  6:58  Corruptor x6  
  76  7:27  Zergling x2, Corruptor x2  
  76  7:28  Mutalisk  
  83  7:30  Overseer  
  83  7:35  Spine Crawler x2  
  58  8:02  Drone  
  58  8:03  Queen, Drone x5  
  42  8:35  Zergling x2  
  42  8:36  Zergling x4  
  43  9:13  Drone  
  43  9:14  Drone x5  
  49  9:23  Hatchery  
  48  10:00  Hatchery  
  47  10:16  Drone x8  
  55  10:35  Drone x2  
  57  10:40  Drone x3  
  57  10:41  Drone  
  61  10:48  Metabolic Boost  
  61  11:12  Queen  
  63  11:21  Drone  
  63  11:22  Drone x8  
  58  11:48  Queen  
  59  12:00  Drone x4  
  59  12:01  Drone x2  
  65  12:03  Zergling x4  
  59  12:12  Queen  
  58  12:27  Hatchery  
  52  12:54  Drone  
  52  12:55  Drone x9  
  62  13:07  Spire  
  62  13:11  Hydralisk Den  
  60  13:23  Evolution Chamber  
  60  13:26  Evolution Chamber  
  58  13:27  Zergling x2  
  58  13:28  Zergling x12  
  65  13:36  Drone  
  65  13:37  Drone x2  
  67  13:45  Drone  
  67  13:46  Drone x3  
  71  13:52  Extractor, Drone x2  
  70  14:06  Overseer  
  70  14:08  Queen, Pneumatized Carapace  
  72  14:10  Drone  
  72  14:11  Drone x7  
  76  14:22  Corruptor  
  68  14:31  Spore Crawler  
  60  14:39  Queen  
  39  14:57  Drone x4  
  39  14:58  Drone x10  
Show
View Real Time Build Order
Export as new Build Order

Throwfordays Terran 

Build Orders:  

Get SALT Encoding   

  12  0:01  SCV  
  13  0:13  SCV  
  14  0:18  Supply Depot  
  14  0:25  SCV  
  15  0:40  SCV  
  15  0:41  Refinery  
  16  0:50  Barracks  
  16  0:52  SCV  
  17  1:04  SCV  
  18  1:13  Refinery  
  18  1:16  SCV  
  19  1:33  SCV  
  20  1:41  Barracks Tech Lab  
  20  1:45  SCV  
  21  1:50  Supply Depot  
  21  2:03  SCV  
  22  2:09  Command Center  
  22  2:11  Factory  
  23  2:15  SCV  
  23  2:18  Supply Depot  
  23  2:24  Marine  
  23  2:28  SCV  
  25  2:40  SCV  
  26  3:14  Marine  
  26  3:16  Hellion  
  29  3:21  SCV  
  29  3:23  SCV  
  31  3:31  Supply Depot  
  31  3:32  Marine  
  31  3:33  SCV  
  33  3:35  SCV  
  33  3:40  Factory Tech Lab  
  34  3:45  SCV  
  34  3:47  SCV  
  36  3:54  Supply Depot  
  36  3:55  Starport  
  36  3:57  SCV  
  36  3:59  SCV  
  38  4:02  Infernal Pre-Igniter  
  38  4:09  SCV  
  38  4:11  SCV  
  39  4:21  SCV  
  39  4:23  SCV  
  41  4:33  SCV  
  41  4:36  Refinery, SCV  
  41  4:37  Refinery  
  43  4:39  Supply Depot  
  43  4:46  Starport Reactor  
  43  4:48  SCV  
  43  4:52  SCV  
  45  4:53  Armory  
  45  5:00  SCV  
  45  5:03  Supply Depot  
  45  5:04  SCV  
  47  5:12  SCV  
  48  5:24  SCV  
  48  5:25  Liberator x2  
  48  5:26  Supply Depot  
  55  5:36  SCV  
  55  5:38  Engineering Bay  
  55  5:39  Marine  
  55  5:40  Engineering Bay  
  55  5:41  Armory  
  57  5:47  Siege Tank  
  57  5:48  SCV  
  61  5:50  Smart Servos  
  61  5:54  Orbital Command  
  61  5:57  Marine, Supply Depot  
  62  6:04  SCV  
  63  6:15  Marine  
  63  6:16  SCV  
  65  6:28  Viking x2  
  65  6:32  Marine  
  64  6:50  Marine  
  60  6:59  Missile Turret  
  60  7:01  Missile Turret  
  60  7:08  Marine  
  52  7:18  SCV  
  51  7:26  Marine  
  45  7:30  SCV  
  45  7:31  Hellion  
  45  7:33  Liberator x2  
  45  7:40  SCV  
  45  7:44  Marine  
  47  7:52  SCV, Hellion  
  50  8:00  Planetary Fortress  
  50  8:01  Marine  
  50  8:04  SCV  
  50  8:06  Missile Turret  
  50  8:07  Missile Turret  
  50  8:16  SCV  
  50  8:19  Marine  
  46  8:28  SCV  
  47  8:37  Marine  
  39  9:19  Hellion  
  41  9:27  Missile Turret  
  41  9:30  SCV  
  42  9:41  Hellion  
  42  9:43  SCV  
  42  9:45  SCV  
  46  9:54  Missile Turret  
  46  9:57  SCV  
  47  10:02  Hellion  
  49  10:09  SCV  
  49  10:12  SCV, Command Center  
  51  10:18  Missile Turret  
  51  10:21  SCV, Liberator x2  
  51  10:24  SCV  
  51  10:27  Terran Vehicle Weapons Level 1  
  59  10:33  SCV  
  60  10:37  SCV  
  61  10:49  SCV  
  62  11:01  SCV  
  63  11:10  Viking x2  
  67  11:17  Refinery, SCV  
  68  11:29  SCV  
  65  12:07  Liberator  
  65  12:08  Liberator  
  68  12:15  Armory  
  68  12:27  SCV  
  70  12:30  Planetary Fortress  
  70  12:33  Missile Turret  
  69  12:39  SCV  
  69  12:40  Missile Turret  
  69  12:52  SCV  
  69  12:55  Viking x2  
  74  13:04  SCV  
  75  13:16  SCV  
  75  13:17  Missile Turret  
  74  13:33  Terran Ship Weapons Level 1  
  74  13:41  Liberator x2  
  80  14:01  SCV  
  81  14:13  SCV  
  82  14:23  Missile Turret  
  82  14:25  SCV  
  83  14:31  Missile Turret  
  83  14:37  Viking x2, SCV  
  88  14:49  SCV  
  87  15:07  Viking x2  
Tags
 
Add a new tag
Caveats
  • Supply blocks, unpowered buildings, or Contaminate may cause inaccurate times.
  • Supply counts are checked every 10 seconds.